 Dungeon Crawl Stone Soup version 0.14.1-26-g5a19342 (webtiles) character file.

272 Kae the Insei (level 4, -2/38 HPs)
             Began as a Naga Transmuter on July 27, 2014.
             Slain by a worm (5 damage)
             ... on Level 3 of the Dungeon.
             The game lasted 00:04:10 (2815 turns).

Kae the Insei (Naga Transmuter)                     Turns: 2815, Time: 00:04:10

HP  -2/38        AC  5     Str 12      XL: 4   Next: 93%
MP   2/2         EV 10     Int 14      God:
Gold 160         SH  0     Dex 12      Spells:  1 memorised,  6 levels left

rFire  + . .     SeeInvis +     h - +2,+1 spear (antimagic)
rCold  . . .     Clarity  .     c - +0 robe
rNeg   . . .     Conserve .     (no shield)
rPois  +         rCorr    .     (no helmet)
rElec  .         rRot     .     (no cloak)
SustAb . .       Spirit   .     k - +2 pair of gloves
rMut   .         Warding  .     (no barding)
Saprov . . .     Stasis   .     (no amulet)
MR     .....                    (no ring)
                                s - ring of protection from fire

@: very slow, not resistant to hostile enchantments, unstealthy
A: spit poison, see invisible, deformed body, poison resistance, slowness 2, AC
+1
a: Spit Poison


You were on level 3 of the Dungeon.
You were hungry.

You visited 1 branch of the dungeon, and saw 3 of its levels.

You collected 160 gold pieces.

Inventory:

Hand weapons
 h - a +2,+1 anti-magic spear (weapon)
 m - a +0,+0 club
Missiles
 b - 12 arrows
 l - 8 tomahawks of returning (quivered)
Armour
 c - a +0 robe (worn)
 k - a +2 pair of gloves (worn)
Magical devices
 j - a wand of digging (6) {unknown}
Comestibles
 a - 6 bread rations
 p - a meat ration
 r - a choko
 t - 3 chunks of orc flesh
Scrolls
 e - a scroll of magic mapping
 o - a scroll of fear
Jewellery
 s - a ring of protection from fire (left hand)
Potions
 g - a potion of magic {unknown}
 i - a potion of resistance {unknown}
 n - a potion of curing
 q - a potion of restore abilities {unknown}
Books
 d - a book of Changes

   Spells                             Type                      Level
   *Beastly Appendage                 Transmutation                1
   Sticks to Snakes                   Transmutation                2
   Spider Form                        Transmutation/Poison         3
   Ice Form                           Ice/Transmutation            4
   Blade Hands                        Transmutation                5


   Skills:
 - Level 1.0 Fighting
 - Level 1.5 Dodging
 * Level 4.7 Unarmed Combat
 - Level 2.0 Spellcasting
 + Level 3.3 Transmutations


You had 6 spell levels left.
You knew the following spells:

 Your Spells              Type           Power        Failure   Level  Hunger
a - Beastly Appendage     Trmt           ##....       10%         1    ##.....


Dungeon Overview and Level Annotations

Branches:
Dungeon (3/15)

Altars:
Yredelemnul


Innate Abilities, Weirdness & Mutations

You cannot wear boots.
You can spit poison.
Your serpentine skin is tough (AC +1).
You have supernaturally acute eyesight.
Armour fits poorly on your strangely shaped body.
Your system is resistant to poisons.
You cover ground very slowly.


Message History

You reach to attack!
You barely miss the worm.
You are feeling hungry.
The goblin shouts!
The goblin closely misses you. The goblin hits you but does no damage.
There is an open door here.
The goblin hits you with a trident!
* * * LOW HITPOINT WARNING * * *
You closely miss the goblin. The goblin hits you with a trident.
* * * LOW HITPOINT WARNING * * *
You closely miss the goblin. The goblin hits you but does no damage.
Unknown command.
Drink which item? (? for menu, Esc to quit)
You feel slightly nauseous.
It was a potion of poison.
The worm closely misses you. The goblin hits you with a trident.
* * * LOW HITPOINT WARNING * * *
Drink which item? (? for menu, Esc to quit)
You feel better.
It was a potion of curing.
The goblin hits you with a trident.
* * * LOW HITPOINT WARNING * * *
The worm bites you.
You die...

.#.....# #.# .'.....#
#.# ##.....# #.# #.....#
##.# #.....# #.)#
#.....# #.## ###..###
#.# #...####### #g#
..........# #@#
..........# ###w#######
..........# #.........#
..........####.........#
..........##.).........#
..........#..#.........#
.?........'.##.........#
..........####.........#
#######%### ####'######


You could see a worm and a goblin.

Vanquished Creatures
  An orc priest (D:3)
  2 adders (D:3)
  A worm (D:3)
  5 orcs (D:3)
  10 bats
  2 giant cockroaches
  6 hobgoblins
  6 jackals (D:2)
  A ball python (D:1)
  2 giant newts (D:1)
  5 goblins
  4 kobolds
  A quokka (D:3)
  7 rats
53 creatures vanquished.

Notes
Turn   | Place    | Note
--------------------------------------------------------------
     0 | D:1      | Kae, the Naga Transmuter, began the quest for the Orb.
     0 | D:1      | Reached XP level 1. HP: 18/18 MP: 3/3
   440 | D:1      | Reached XP level 2. HP: 19/25 MP: 4/4
  1215 | D:2      | Found a basalt altar of Yredelemnul.
  1365 | D:2      | Reached XP level 3. HP: 22/31 MP: 4/6
  2248 | D:3      | Reached skill level 4 in Unarmed Combat
  2268 | D:3      | Reached XP level 4. HP: 26/38 MP: 2/7
  2812 | D:3      | HP: 1/38 [goblin/trident (6)]
  2815 | D:3      | Slain by a worm

Action                   |  1- 3 |  4- 6 || total
-------------------------+-------+-------++-------
Melee: Unarmed           |    24 |       ||    24
       Club              |   148 |       ||   148
       Spear             |    22 |    67 ||    89
 Cast: Beastly Appendage |    12 |     5 ||    17
 Abil: Spit Poison       |     1 |       ||     1
  Use: Potion            |     1 |     2 ||     3
       Scroll            |     6 |     2 ||     8
 Stab: Invisible         |     2 |       ||     2
